 Dungeon Sprint DCSS version 0.30-a0-862-g1aabd4f9c5 (webtiles) character file.

Game seed: 10663959526348391532

374863 BigDaddyOpFi the End of an Era (level 22, -1/233 HPs)
             Began as a Hill Orc Fighter on Mar 9, 2023.
             Was the Champion of Qazlal.
             Slain by an ice devil (7 damage)
             ... led by Pioc
             ... while paralysed by a great orb of eyes
             ... in the Dungeon (Sprint VII: "The Pits").
             The game lasted 00:33:28 (15592 turns).

BigDaddyOpFi the End of an Era (Hill Orc Fighter)  Turns: 15592, Time: 00:33:29

Health: -1/233     AC: 70    Str: 32    XL:     22   Next: 37%
Magic:  53/53      EV: -1    Int: 24    God:    Qazlal [******]
Gold:   249        SH:  0    Dex: 13    Spells: 75/75 levels left

rFire   + . .      SeeInvis .    d - +11 broad axe (venom)
rCold   . . .      Faith    .    c - +6 tower shield
rNeg    . . .      Spirit   .    B - +20 crystal plate armour "Ovadus" {Dex+3}
rPois   .          Reflect  +    E - +2 helmet {Int+3}
rElec   +          Rampage  .    D - +4 cloak
rCorr   +          NoTele   +    H - +4 pair of gloves
Will    +....                    z - +4 pair of boots
Stlth   +                        I - amulet "Vimumn" {Reflect Drain rCorr Int+4 SH+5}
HPRegen 0.58/turn                S - ring "Hononi" {Contam Int+6 Slay+4}
MPRegen 0.33/turn                W - ring "Hifur" {rElec rF+ EV+6 Str+2 Int+3}

@: paralysed, protected from physical damage, constricted, repel missiles
A: deformed body
0: Orb of Zot
}: 3/3 runes: silver, golden, iron
a: Renounce Religion, Upheaval, Elemental Force, Disaster Area


You were in the Dungeon.
You worshipped Qazlal.
Qazlal was exalted by your worship.
You visited 1 branch You collected 249 gold pieces.

Inventory:

Hand Weapons
 d - a +11 broad axe of venom (weapon)
 p - a +9 broad axe
Armour
 b - the orb of Dispater {+Damnation *Corrode AC+5}
   (You took it off Dispater in the Dungeon)

   +Damnation: It grants the ability to hurl damnation at the cost of health and
   magic, with strength depending on Evocations skill.
   AC:        It affects your AC (+5).
   *Corrode:  It may corrode you when you take damage.
 c - a +6 tower shield (worn)
 s - the +2 pair of boots of Eruzimie {Will+ MP+9}
   (You found it in the Dungeon)

   MP:        It affects your magic capacity (+9).
   Will:      It increases your willpower.
 z - a +4 pair of boots (worn)
 B - the +20 crystal plate armour "Ovadus" (worn) {Dex+3}
   (You found it in the Dungeon)

   Dex:       It affects your dexterity (+3).
 D - a +4 cloak (worn)
 E - a +2 helmet of intelligence (worn)
 H - a +4 pair of gloves (worn)
 K - a +2 pair of gloves
 P - a +2 cloak
Jewellery
 a - the ring of Birdsong {Fly Int+4}
   (You found it in the Dungeon)

   [ring of flight]

   Int:       It affects your intelligence (+4).
   Fly:       It grants you flight.
 f - the ring "Yduxyso" {rPois Int+2 Dex+6}
   (You found it in the Dungeon)

   [ring of poison resistance]

   Int:       It affects your intelligence (+2).
   Dex:       It affects your dexterity (+6).
   rPois:     It protects you from poison.
 j - a ring of ice
 l - the amulet of Axtit {rN++ Regen+ Dex+4}
   (You found it in the Dungeon)

   [amulet of regeneration]

   Dex:       It affects your dexterity (+4).
   rN:        It greatly protects you from negative energy.
   Regen:     It increases your rate of health regeneration.
 n - the amulet of Cuufoasch {Faith rN+ Will+++ Regen+ Slay-5}
   (You found it in the Dungeon)

   [amulet of faith]

   It allows you to gain divine favour quickly.
   Slay:      It affects your accuracy & damage with ranged weapons and melee
   (-5).
   rN:        It protects you from negative energy.
   Regen:     It increases your rate of health regeneration.
   Will:      It greatly increases your willpower.
 q - a ring of positive energy
 I - the amulet "Vimumn" (around neck) {Reflect Drain rCorr Int+4 SH+5}
   (You found it in the Dungeon)

   [amulet of reflection]

   It reflects blocked missile attacks.
   Int:       It affects your intelligence (+4).
   rCorr:     It protects you from acid and corrosion.
   Drain:     It drains your maximum health when unequipped.
   SH:        It affects your SH (+5).
 J - the ring "Egal" {rPois Str+4 Stlth-}
   (You found it in the Dungeon)

   [ring of poison resistance]

   Str:       It affects your strength (+4).
   rPois:     It protects you from poison.
   Stlth:     It makes you less stealthy.
 M - the ring of the Philosopher {Fly rN++}
   (You found it in the Dungeon)

   [ring of flight]

   rN:        It greatly protects you from negative energy.
   Fly:       It grants you flight.
 O - the ring "Xuwi" {rPois rN+ rCorr Str+3}
   (You found it in the Dungeon)

   [ring of positive energy]

   Str:       It affects your strength (+3).
   rPois:     It protects you from poison.
   rN:        It protects you from negative energy.
   rCorr:     It protects you from acid and corrosion.
 R - the amulet of Exhibitionism {RegenMP Int-4 Dex+8 Stlth+}
   (You found it in the Dungeon)

   [amulet of magic regeneration]

   It increases your rate of magic regeneration.
   Int:       It affects your intelligence (-4).
   Dex:       It affects your dexterity (+8).
   Stlth:     It makes you more stealthy.
 S - the ring "Hononi" (left hand) {Contam Int+6 Slay+4}
   (You found it in the Dungeon)

   [ring of slaying]

   Int:       It affects your intelligence (+6).
   Slay:      It affects your accuracy & damage with ranged weapons and melee
   (+4).
   Contam:    It causes magical contamination when unequipped.
 T - the amulet "Macva" {+Inv rC+ Regen+ Dex+3}
   (You found it in the Dungeon)

   [amulet of regeneration]

   Dex:       It affects your dexterity (+3).
   rC:        It protects you from cold.
   +Inv:      It lets you turn invisible.
   Regen:     It increases your rate of health regeneration.
 U - the ring "Gemootraci" {rF+ rCorr Int-2 Dex+2}
   (You found it in the Dungeon)

   [ring of protection from fire]

   Int:       It affects your intelligence (-2).
   Dex:       It affects your dexterity (+2).
   rF:        It protects you from fire.
   rCorr:     It protects you from acid and corrosion.
 V - the amulet "Deotuano" {Reflect Harm rF- rCorr Int+3 SH+5}
   (You found it in the Dungeon)

   [amulet of reflection]

   It reflects blocked missile attacks.
   Int:       It affects your intelligence (+3).
   rF:        It makes you vulnerable to fire.
   rCorr:     It protects you from acid and corrosion.
   SH:        It affects your SH (+5).
   Harm:      It increases damage dealt and taken.
 W - the ring "Hifur" (right hand) {rElec rF+ EV+6 Str+2 Int+3}
   (You found it in the Dungeon)

   [ring of evasion]

   EV:        It affects your evasion (+6).
   Str:       It affects your strength (+2).
   Int:       It affects your intelligence (+3).
   rF:        It protects you from fire.
   rElec:     It insulates you from electricity.
 X - the amulet "Gaisoxte" {RegenMP rPois Str+4 Dex+6}
   (You found it in the Dungeon)

   [amulet of magic regeneration]

   It increases your rate of magic regeneration.
   Str:       It affects your strength (+4).
   Dex:       It affects your dexterity (+6).
   rPois:     It protects you from poison.
 Y - the ring "Nesuink" {*Slow rF+++ rN+ Int+3 Dex+6}
   (You found it in the Dungeon)

   [ring of dexterity]

   Int:       It affects your intelligence (+3).
   Dex:       It affects your dexterity (+6).
   rF:        It renders you almost immune to fire.
   rN:        It protects you from negative energy.
   *Slow:     It may slow you when you take damage.
 Z - the amulet "Taul" {Spirit rElec rN+ Int+3 Dex+2}
   (You found it in the Dungeon)

   [amulet of guardian spirit]

   It causes incoming damage to be divided between your reserves of health and
   magic.
   Int:       It affects your intelligence (+3).
   Dex:       It affects your dexterity (+2).
   rElec:     It insulates you from electricity.
   rN:        It protects you from negative energy.
Wands
 x - a wand of charming (20)
 y - a wand of iceblast (1)
 Q - a wand of light (7)
Scrolls
 t - 4 scrolls of fear
 u - a scroll of brand weapon
 v - 9 scrolls of identify
 A - 7 scrolls of amnesia
 C - 3 scrolls of enchant armour
 G - 3 scrolls of enchant weapon
 N - 3 scrolls of butterflies
Potions
 e - 15 potions of curing
 g - 12 potions of haste
 h - 8 potions of magic
 i - 11 potions of berserk rage
 k - 2 potions of invisibility
 o - 2 potions of attraction
 r - a potion of might
 w - a potion of resistance
 F - 3 potions of brilliance
Miscellaneous
 m - a condenser vane
 L - a phantom mirror


   Skills:
 O Level 27 Fighting
 O Level 27 Axes
 O Level 27 Armour
 O Level 27 Dodging
 O Level 27 Stealth
 O Level 27 Shields
 O Level 27 Spellcasting
 O Level 27 Conjurations
 * Level 17.0 Ice Magic
 O Level 27 Invocations
 O Level 27 Evocations


You had 75 spell levels left.
You didn't know any spells.
Your spell library contained the following spells:

 Spells                   Type           Power      Damage    Failure   Level
 Frozen Ramparts          Ice            100%       1d16      0%          3
 Hailstorm                Conj/Ice       95%        3d19      0%          3
 Ensorcelled Hibernation  Hex/Ice        100%       N/A       1%          2
 Momentum Strike          Conj/Tloc      100%       3d10      1%          2
 Static Discharge         Conj/Air       100%       2-7/arc   1%          2
 Dazzling Flash           Conj/Hex       100%       N/A       1%          3
 Mephitic Cloud           Conj/Pois/Air  66%        N/A       1%          3
 Stone Arrow              Conj/Erth      100%       3d13      1%          3
 Fulminant Prism          Conj/Hex       38%        3d17      1%          4
 Ice Form                 Ice/Tmut       65%        N/A       1%          4
 Summon Ice Beast         Ice/Summ       65%        N/A       1%          4
 Arcjolt                  Conj/Air       38%        1d48      1%          5
 Freezing Cloud           Conj/Ice/Air   40%        6-21      1%          5
 Irradiate                Conj/Tmut      38%        3d24      1%          5
 Lightning Bolt           Conj/Air       38%        1d57      1%          5
 Conjure Ball Lightning   Conj/Air       38%        3x3d12    2%          6
 Iron Shot                Conj/Erth      38%        9d8       2%          6
 Metabolic Englaciation   Hex/Ice        32%        N/A       3%          5
 Ozocubu's Refrigeration  Ice            42%        4d16      3%          7
 Sandblast                Erth           64%        2d14      4%          1
 Blink                    Tloc           64%        N/A       6%          2
 Cigotuvi's Dreadful Rot  Necr/Pois/Air  64%        N/A       6%          2
 Lesser Beckoning         Tloc           64%        N/A       6%          2
 Passwall                 Tmut/Erth      26%        N/A       6%          2
 Poisonous Vapours        Pois/Air       64%        N/A       6%          2
 Call Canine Familiar     Summ           32%        N/A       13%         3
 Gell's Gravitas          Tloc           32%        N/A       13%         3
 Ignite Poison            Fire/Tmut/Pois 32%        N/A       13%         3
 Kindle Blastsparks       Fire/Tloc/Air  64%        2d15      13%         3
 Portal Projectile        Hex/Tloc       64%        N/A       13%         3
 Spider Form              Tmut/Pois      32%        N/A       13%         3
 Summon Guardian Golem    Hex/Summ       32%        N/A       13%         3
 Teleport Other           Tloc           32%        N/A       13%         3
 Vhi's Electric Charge    Tloc/Air       64%        N/A       13%         3
 Simulacrum               Ice/Necr       32%        N/A       21%         6
 Animate Armour           Summ/Erth      64%        N/A       38%         4
 Animate Dead             Necr           32%        N/A       38%         4
 Cause Fear               Hex            16%        N/A       38%         4
 Leda's Liquefaction      Hex/Erth       16%        N/A       38%         4
 Manifold Assault         Tloc           32%        N/A       38%         4
 Petrify                  Tmut/Erth      32%        N/A       38%         4
 Agony                    Necr           32%        N/A       75%         5
 Alistair's Intoxication  Tmut/Pois      21%        N/A       75%         5
 Blade Hands              Tmut           16%        N/A       75%         5
 Borgnjor's Vile Clutch   Necr/Erth      16%        N/A       75%         5
 Silence                  Hex/Air        16%        N/A       75%         5
 Yara's Violent Unravell  Hex/Tmut       16%        3d8       75%         5
 Death Channel            Necr           16%        N/A       100%        6
 Dispersal                Tloc           16%        N/A       100%        6
 Statue Form              Tmut/Erth      21%        N/A       100%        6
 Dragon Form              Tmut           16%        N/A       100%        7
 Enfeeble                 Hex            16%        N/A       100%        7
 Storm Form               Tmut/Air       16%        N/A       100%        7
 Borgnjor's Revivificati  Necr           16%        N/A       100%        8
 Discord                  Hex            16%        N/A       100%        8
 Disjunction              Tloc           16%        N/A       100%        8
 Maxwell's Capacitive Co  Air            16%        ∞         100%        8
 Necromutation            Tmut/Necr      16%        N/A       100%        8
 Death's Door             Necr           16%        N/A       100%        9
 Dragon's Call            Summ           16%        N/A       100%        9


Dungeon Overview and Level Annotations

Branches:
Dungeon (1/1)

Altars:
Ashenzari
Cheibriados
Dithmenos
Elyvilon
Fedhas
Gozag
Hepliaklqana
Kikubaaqudgha
Makhleb
Nemelex Xobeh
Okawaru
Qazlal
Ru
Sif Muna
Trog
Uskayaw
Vehumet
Wu Jian
Xom
Yredelemnul
Zin
The Shining One
Beogh
Jiyva
Lugonu


Innate Abilities, Weirdness & Mutations

Armour fits poorly on your strangely shaped body.


Message History

The tentacled monstrosity tentacle-slaps you but does no damage.
The tentacled monstrosity grabs you.
The tentacled monstrosity constricts you!
* * * LOW HITPOINT WARNING * * *
The large abomination closely misses you.
The great orb of eyes gazes at you.
You suddenly lose the ability to move!
The large abomination is engulfed in freezing vapours.
Pioc tramples you.
* * * LOW HITPOINT WARNING * * *
Your resistance to cold fades away.
You feel protected from physical attacks.
You are held in place!
The ice devil hits you.
* * * LOW HITPOINT WARNING * * *
The ice devil freezes you!!
Your resistance to physical damage fades away.
You feel protected from cold.
* * * LOW HITPOINT WARNING * * *
The large abomination hits you but does no damage.
The tentacled monstrosity tentacle-slaps you but does no damage.
The tentacled monstrosity tentacle-slaps you!
* * * LOW HITPOINT WARNING * * *
Your resistance to cold fades away.
You feel protected from physical attacks.
The tentacled monstrosity tentacle-slaps you but does no damage.
The tentacled monstrosity constricts you.
* * * LOW HITPOINT WARNING * * *
The large abomination hits you but does no damage.
Pioc tramples you but does no damage.
The ice devil hits you but does no damage.
The tentacled monstrosity tentacle-slaps you but does no damage. x3
The tentacled monstrosity constricts you.
The large abomination hits you!
* * * LOW HITPOINT WARNING * * *
You feel more protected from physical attacks.
The great orb of eyes is engulfed in blazing flames.
The great orb of eyes bites you but does no damage.
The large abomination hits you but does no damage.
The ice devil hits you!
You die...

......##..##.#.#)#[#.#.#.#..##...
########..################..##.#)
########....................##.#)
_____.##....................##.+[
_____.###########''###########.#|
___...###########''###########.+.
#####'##........X§......##..##.##
')))'.##≈.....#XX#......##..##...
#####.##....†.X&@G☼.....''..#####
.....4.')..†.)°4XX......''.[#####
##'#####...††.#.X#......##.......
...#[[##..).)...........##.......
...#))#####'#####''##############
'###))##.......##''############ #
...#))##≈......##......'..+...###
.[.#..##≈.≈....##......'..+.....#
#'##'###≈≈≈<...##.....##..##.....


You could see Pioc (very poisoned), 2 tentacled monstrosities, a great orb of
eyes, 5 large abominations and an ice devil.

Vanquished Creatures
  Antaeus (D)
  12 pandemonium lords (D)
  Dissolution (D)
  Dispater (D)
  2 orbs of fire (D)
  3 ancient liches (D)
  Mara (D)
  Mennas (D)
  2 royal mummies (D)
  Boris (D)
  Frederick (D)
  A Killer Klown (D)
  Margery (D)
  3 curse toes (D)
  A golden dragon (D)
  Jory (D)
  5 pearl dragons (D)
  Nikola (D)
  2 bone dragons (D)
  4 Tzitzimimeh (D)
  5 Brimstone Fiends (D)
  2 Hell Sentinels (D)
  4 hellephants (D)
  3 tentacled monstrosities (D)
  5 Ice Fiends (D)
  2 liches (D)
  33 Orb Guardians (D)
  Murray (D)
  2 deep elf master archers (D)
  3 acid blobs (D)
  2 quicksilver dragons (D)
  4 deep elf blademasters (D)
  7 titans (D)
  2 sphinxes (D)
  4 Executioners (D)
  Gastronok (D)
  3 shadow dragons (D)
  4 storm dragons (D)
  Kirke (D)
  2 azure jellies (D)
  A rockslime (D)
  A draconian monk (D)
  A draconian knight (D)
  25 daevas (D)
  A demonspawn warmonger (D)
  2 nagarajas (D)
  8 fire giants (D)
  3 deep elf sorcerers (D)
  Louise (D)
  An emperor scorpion (D)
  An iron dragon (D)
  2 draconian scorchers (D)
  29 angels (D)
  2 draconian shifters (D)
  2 balrugs (D)
  A frost giant (D)
  15 orc warlords (D)
  2 ghost moths (D)
  3 cacodemons (D)
  4 reapers (D)
  A war gargoyle (D)
  A draconian stormcaller (D)
  A draconian annihilator (D)
  2 stone giants (D)
  A deep elf demonologist (D)
  Azrael (D)
  A black draconian (D)
  An ophan (D)
  A lorocyproca (D)
  2 white draconians (D)
  A purple draconian (D)
  2 dire elephants (D)
  3 deep elf annihilators (D)
  A minotaur (D)
  A yellow draconian (D)
  3 red draconians (D)
  3 green deaths (D)
  2 deep elf death magi (D)
  2 ettins (D)
  A mummy priest (D)
  5 blizzard demons (D)
  A merfolk impaler (D)
  3 yaktaur captains (D)
  A great orb of eyes (D)
  A vault guard (D)
  An ogre mage (D)
  An ice dragon (D)
  2 deep elf high priests (D)
  6 hell beasts (D)
  A hydra (D)
  3 spriggan air magi (D)
  A merfolk aquamancer (D)
  3 death knights (D)
  2 naga warriors (D)
  5 two-headed ogres (D)
  2 dancing weapons (D)
  An alligator (D)
  11 orc high priests (D)
  5 vampire magi (D)
  4 hell hogs (D)
  Urug (D)
  4 hell knights (D)
  4 deep elf knights (D)
  A spriggan berserker (D)
  4 soul eaters (D)
  6 sun demons (D)
  6 skeletal warriors (D)
  2 sixfirhies (D)
  27 cherubim (D)
  2 shadow demons (D)
  4 swamp dragons (D)
  A flayed ghost (D)
  A sea snake (D)
  2 phantasmal warriors (D)
  3 harpies (D)
  30 orc knights (D)
  3 necromancers (D)
  A deep elf pyromancer (D)
  An ugly thing (D)
  4 large abominations (D)
  A deep elf zephyrmancer (D)
  4 orc sorcerers (D)
  A wolf spider (D)
  A moth of wrath (D)
  A manticore (D)
  An elephant (D)
  A cyclops (shapeshifter) (D)
  A moth of wrath (shapeshifter) (D)
  4 rust devils (D)
  A molten gargoyle (D)
  2 naga magi (D)
  3 demonic crawlers (D)
  Joseph (D)
  3 smoke demons (D)
  3 orange demons (D)
  A rime drake (D)
  An unseen horror (D)
  4 hellions (D)
  A komodo dragon (D)
  A freezing wraith (D)
  3 tormentors (D)
  9 yaktaurs (D)
  2 ice devils (D)
  An efreet (D)
  A guardian mummy (D)
  A red devil (D)
  2 trolls (D)
  3 merfolk (D)
  A polar bear (D)
  A tyrant leech (D)
  2 hellwings (D)
  A hornet (D)
  3 dream sheep (D)
  A tarantella (D)
  A jumping spider (D)
  A vampire (D)
  A wraith (D)
  A flying skull (D)
  3 water elementals (D)
  3 small abominations (D)
  A shadow (D)
  4 fire elementals (D)
  Grum (D)
  6 hogs (D)
  2 neqoxecs (D)
  A redback (D)
  4 nagas (D)
  An acid dragon (D)
  A water moccasin (D)
  2 floating eyes (D)
  3 hell hounds (D)
  2 swamp drakes (D)
  A black bear (D)
  An ice beast (D)
  14 orc warriors (D)
  A sky beast (D)
  3 ogres (D)
  9 wolves (D)
  A centaur (D)
  3 phantoms (D)
  A crimson imp (D)
  5 orc priests (D)
  A gnoll bouda (D)
  An iguana (D)
  2 orc wizards (D)
  A mummy (D)
  A river rat (D)
  3 gnolls (D)
  2 ufetubi (D)
  A worm (D)
  6 orcs (D)
  2 bats (D)
  2 bat zombies (D)
  A giant cockroach (D)
  A kobold (D)
  2 quokkas (D)
  A ball python (D)
  A ball python skeleton (D)
  A bat simulacrum (D)
  A frilled lizard (D)
611 creatures vanquished.

Vanquished Creatures (others)
  A lich (D)
  A fire giant (D)
  Nessos (D)
  A sixfirhy (D)
  An orc warrior (D)
  An orc wizard (D)
  A hell rat (D)
7 creatures vanquished.

Grand Total: 618 creatures vanquished

Notes
Turn   | Place    | Note
-------+----------+-------------------------------------------
     0 | D        | BigDaddyOpFi the Hill Orc Fighter began the quest for the
                  | Orb.
     0 | D        | Reached XP level 1. HP: 19/19 MP: 1/1
     8 | D        | Noticed a floating eye
     9 | D        | Paralysed by a floating eye for 3 turns
    14 | D        | Killed a floating eye
    15 | D        | Reached skill level 5 in Fighting
    15 | D        | Reached skill level 5 in Axes
    15 | D        | Reached skill level 5 in Armour
    15 | D        | Reached skill level 5 in Shields
    15 | D        | Reached XP level 2. HP: 29/29 MP: 1/6
    15 | D        | Reached XP level 3. HP: 36/36 MP: 1/7
    15 | D        | Reached XP level 4. HP: 42/42 MP: 1/8
   281 | D        | Found a bloodstained altar of Trog.
   281 | D        | Found a shimmering blue altar of Sif Muna.
   281 | D        | Found a viscous altar of Jiyva.
   281 | D        | Found a hazy altar of Hepliaklqana.
   281 | D        | Found an opulent altar of Gozag.
   282 | D        | Found a glowing golden altar of the Shining One.
   282 | D        | Found a glowing silver altar of Zin.
   282 | D        | Found a basalt altar of Yredelemnul.
   282 | D        | Found a shimmering altar of Xom.
   282 | D        | Found an ornate altar of the Wu Jian Council.
   282 | D        | Found a sacrificial altar of Ru.
   282 | D        | Found a stormy altar of Qazlal.
   282 | D        | Found an iron altar of Okawaru.
   282 | D        | Found a sparkling altar of Nemelex Xobeh.
   282 | D        | Found a burning altar of Makhleb.
   282 | D        | Found a blossoming altar of Fedhas.
   282 | D        | Found a white marble altar of Elyvilon.
   282 | D        | Found a shadowy altar of Dithmenos.
   282 | D        | Found a snail-covered altar of Cheibriados.
   284 | D        | Found a corrupted altar of Lugonu.
   284 | D        | Found a radiant altar of Vehumet.
   284 | D        | Found a roughly hewn altar of Beogh.
   285 | D        | Found an ancient bone altar of Kikubaaqudgha.
   285 | D        | Found a hide-covered altar of Uskayaw.
   285 | D        | Found a broken altar of Ashenzari.
   288 | D        | Became a worshipper of Qazlal Stormbringer
   450 | D        | Reached * piety under Qazlal
   457 | D        | Noticed a wolf
   463 | D        | Reached ** piety under Qazlal
   464 | D        | Killed a wolf
   465 | D        | Reached XP level 5. HP: 35/51 MP: 8/11
   579 | D        | Noticed a water moccasin
   579 | D        | Noticed a phantom
   592 | D        | Killed a water moccasin
   593 | D        | Reached XP level 6. HP: 45/60 MP: 11/13
   599 | D        | Reached *** piety under Qazlal
   601 | D        | Reached skill level 10 in Invocations
   606 | D        | Reached **** piety under Qazlal
   609 | D        | Reached XP level 7. HP: 33/67 MP: 13/15
   623 | D        | Noticed a hornet
   636 | D        | Killed a hornet
   636 | D        | Reached ***** piety under Qazlal
   972 | D        | Reached XP level 8. HP: 63/77 MP: 17/17
  1147 | D        | Noticed a troll
  1148 | D        | Killed a troll
  1149 | D        | Reached skill level 10 in Axes
  1324 | D        | Noticed an elephant
  1329 | D        | Killed an elephant
  1330 | D        | Reached skill level 10 in Fighting
  1330 | D        | Reached XP level 9. HP: 78/85 MP: 19/19
  1330 | D        | Killed an unseen horror
  1331 | D        | Reached skill level 15 in Invocations
  1348 | D        | Noticed a sea snake
  1351 | D        | Killed a sea snake
  1352 | D        | Reached skill level 10 in Armour
  1352 | D        | Reached skill level 10 in Shields
  1353 | D        | Noticed a sun demon
  1363 | D        | Killed a sun demon
  1365 | D        | Reached XP level 10. HP: 43/96 MP: 15/22
  1366 | D        | Noticed a deep elf zephyrmancer
  1366 | D        | Noticed a red ugly thing
  1366 | D        | Killed a deep elf zephyrmancer
  1366 | D        | Reached ****** piety under Qazlal
  1366 | D        | Killed a red ugly thing
  1368 | D        | Noticed a merfolk aquamancer
  1369 | D        | Killed a merfolk aquamancer
  1564 | D        | Noticed a demonic crawler
  1564 | D        | Noticed a demonic crawler
  1565 | D        | Killed a demonic crawler
  1565 | D        | Killed a demonic crawler
  1566 | D        | Noticed Grum
  1566 | D        | Noticed an orange demon
  1587 | D        | Killed Grum
  1588 | D        | Killed an orange demon
  1589 | D        | Reached XP level 11. HP: 69/107 MP: 11/24
  1829 | D        | Noticed a minotaur
  1829 | D        | Noticed a manticore
  1829 | D        | Noticed an orc knight
  1831 | D        | Killed a manticore
  1832 | D        | Killed an orc knight
  1834 | D        | Killed a minotaur
  2069 | D        | Noticed Joseph
  2069 | D        | Noticed a flayed ghost
  2075 | D        | Killed a flayed ghost
  2075 | D        | Killed a ghost moth
  2076 | D        | Reached skill level 15 in Axes
  2083 | D        | Killed Joseph
  2239 | D        | Got the +6 scale mail "Damenn" {rPois rF+ Int+3}
  2258 | D        | Got the +5 long sword of the Brain {heavy, rC+++ rN+}
  2350 | D        | Noticed a swamp dragon
  2351 | D        | Noticed Gastronok
  2353 | D        | Killed a swamp dragon
  2353 | D        | Killed Gastronok
  2354 | D        | Reached skill level 15 in Fighting
  2354 | D        | Reached XP level 12. HP: 119/119 MP: 17/26
  2513 | D        | Noticed a deep elf knight
  2523 | D        | Killed a deep elf knight
  2983 | D        | Noticed Azrael
  2985 | D        | Killed Azrael
  3216 | D        | Identified the +4 sling of Grandeur {flame, Str+5}
  3218 | D        | Reached skill level 15 in Armour
  3220 | D        | Reached skill level 15 in Shields
  3389 | D        | Noticed an orc warlord
  3389 | D        | Noticed an orc warlord
  3391 | D        | Killed an orc warlord
  3391 | D        | Killed an orc warlord
  3392 | D        | Reached XP level 13. HP: 120/132 MP: 19/29
  3415 | D        | Noticed a yaktaur captain
  3419 | D        | Killed a yaktaur captain
  3790 | D        | Noticed a deep elf master archer
  3792 | D        | Killed a deep elf master archer
  4063 | D        | Noticed a vault guard
  4065 | D        | Killed a vault guard
  4065 | D        | Killed a ghost moth
  4066 | D        | Noticed an ettin
  4077 | D        | Killed an ettin
  4439 | D        | Got the +20 crystal plate armour "Ovadus" {Dex+3}
  4577 | D        | Noticed a black draconian
  4579 | D        | Noticed Urug
  4580 | D        | Noticed a merfolk impaler
  4580 | D        | Killed a merfolk impaler
  4581 | D        | Reached skill level 27 in Invocations
  4581 | D        | Reached XP level 14. HP: 144/144 MP: 18/31
  4590 | D        | Killed a black draconian
  4592 | D        | Killed Urug
  4595 | D        | Noticed Nessos
  4604 | D        | Killed Nessos
  4635 | D        | Got the ring "Fanecazu" {Will+ AC+4}
  4886 | D        | Noticed a fire giant
  4888 | D        | Reached skill level 1 in Evocations
  4891 | D        | Noticed a deep elf sorcerer
  4892 | D        | Noticed an ophan
  4894 | D        | Killed a fire giant
  4896 | D        | Killed a deep elf sorcerer
  4896 | D        | Killed an ophan
  4896 | D        | Killed a fire giant
  5013 | D        | Identified the ring of Trepidation {rF+ Int-3 Dex+2 Slay+4}
  5013 | D        | Noticed Kirke
  5014 | D        | Noticed an emperor scorpion
  5016 | D        | Killed Kirke
  5016 | D        | Killed an emperor scorpion
  5018 | D        | Noticed a shadow dragon
  5019 | D        | Noticed a deep elf blademaster
  5027 | D        | Identified the ring "Toube" {Ice rCorr}
  5030 | D        | Killed a deep elf blademaster
  5033 | D        | Noticed Jory
  5041 | D        | Noticed a fire giant
  5048 | D        | Killed a shadow dragon
  5049 | D        | Reached skill level 10 in Evocations
  5054 | D        | Killed a fire giant
  5077 | D        | Killed Jory
  5078 | D        | Reached XP level 15. HP: 90/158 MP: 32/32
  5324 | D        | Noticed a fire giant
  5327 | D        | Killed a fire giant
  5332 | D        | Noticed a storm dragon
  5347 | D        | Killed a storm dragon
  5376 | D        | Noticed an angel
  5378 | D        | Killed an angel
  5383 | D        | Noticed a tentacled monstrosity
  5403 | D        | Killed a tentacled monstrosity
  5959 | D        | Noticed an orc warlord
  5959 | D        | Noticed an orc warlord
  5959 | D        | Noticed an orc warlord
  5959 | D        | Noticed an orc warlord
  5959 | D        | Noticed an orc warlord
  5959 | D        | Noticed an orc warlord
  5959 | D        | Noticed an orc warlord
  5959 | D        | Noticed an orc warlord
  5960 | D        | Killed an orc warlord
  5960 | D        | Killed an orc warlord
  5960 | D        | Killed an orc warlord
  5960 | D        | Killed an orc warlord
  5960 | D        | Killed an orc warlord
  5960 | D        | Killed an orc warlord
  5960 | D        | Killed an orc warlord
  5960 | D        | Killed an orc warlord
  5961 | D        | Reached XP level 16. HP: 172/172 MP: 24/33
  6259 | D        | Got a silver rune of Zot
  6365 | D        | Noticed a lich
  6366 | D        | Noticed a green draconian monk
  6368 | D        | Killed a green draconian monk
  6376 | D        | Noticed a Tzitzimitl
  6379 | D        | Noticed an Ice Fiend
  6384 | D        | Killed a lich
  6385 | D        | Noticed a lich
  6386 | D        | Killed a lich
  6387 | D        | Noticed a sphinx
  6388 | D        | Paralysed by a sphinx for 4 turns
  6388 | D        | Noticed a daeva
  6392 | D        | Killed a daeva
  6392 | D        | Killed a sphinx
  6603 | D        | Got the Dissertation on Icy Nausea
  6603 | D        | Got the Codex of Patterns
  6670 | D        | Got the amulet of Lauluoc {Faith Str+3}
  6672 | D        | Got the ring "Hononi" {Contam Int+6 Slay+4}
  6676 | D        | Got the amulet "Macva" {+Inv rC+ Regen+ Dex+3}
  6694 | D        | Got the ring "Tish" {rPois EV+6}
  6698 | D        | Got the ring of Suspicion {Contam rN+ Will+ Int+6}
  6700 | D        | Got the ring "Hifur" {rElec rF+ EV+6 Str+2 Int+3}
  6804 | D        | Noticed a tentacled monstrosity
  6810 | D        | Killed a tentacled monstrosity
  6819 | D        | Noticed a titan
  6823 | D        | Killed a titan
  6830 | D        | Noticed a Tzitzimitl
  6831 | D        | Noticed Abraop the pandemonium lord
  6831 | D        | Noticed a golden dragon
  6831 | D        | Noticed an acid blob
  6832 | D        | Killed a Tzitzimitl
  6832 | D        | Killed an acid blob
  6832 | D        | Killed a golden dragon
  6833 | D        | Reached skill level 27 in Axes
  6838 | D        | Reached XP level 17. HP: 180/185 MP: 18/34
  6841 | D        | Killed Abraop the pandemonium lord
  6975 | D        | Noticed an Executioner
  6976 | D        | Noticed Dissolution
  6983 | D        | Killed an Executioner
  6987 | D        | Killed Dissolution
  7056 | D        | Got the ring of Birdsong {Fly Int+4}
  7060 | D        | Noticed a bone dragon
  7073 | D        | Killed a bone dragon
  7086 | D        | Noticed Dispater
  7091 | D        | Noticed a Hell Sentinel
  7099 | D        | Noticed a Hell Sentinel
  7114 | D        | Noticed a bone dragon
  7175 | D        | Killed a bone dragon
  7218 | D        | Noticed a Hell Sentinel
  7222 | D        | Killed Dispater
  7223 | D        | Reached skill level 27 in Fighting
  7581 | D        | Reached skill level 27 in Shields
  7957 | D        | Got the amulet of Axtit {rN++ Regen+ Dex+4}
  7998 | D        | Noticed an Ice Fiend
  8000 | D        | Killed an Ice Fiend
  8044 | D        | Noticed a titan
  8044 | D        | Noticed an Orb Guardian
  8044 | D        | Noticed an Orb Guardian
  8044 | D        | Noticed an Orb Guardian
  8044 | D        | Noticed an Orb Guardian
  8045 | D        | Killed an Orb Guardian
  8046 | D        | Reached skill level 27 in Armour
  8046 | D        | Reached skill level 27 in Evocations
  8046 | D        | Reached skill level 1 in Dodging
  8046 | D        | Noticed a curse toe
  8048 | D        | Killed an Orb Guardian
  8048 | D        | Noticed a tentacled monstrosity
  8049 | D        | Noticed a hellephant
  8049 | D        | Noticed Mara
  8052 | D        | Killed a titan
  8052 | D        | Killed an Orb Guardian
  8053 | D        | Reached XP level 18. HP: 200/200 MP: 27/35
  8057 | D        | Killed an Orb Guardian
  8057 | D        | Killed a curse toe
  8057 | D        | Killed a tentacled monstrosity
  8248 | D        | Noticed an Orb Guardian
  8248 | D        | Noticed an Orb Guardian
  8256 | D        | Killed Mara
  8256 | D        | Killed an Orb Guardian
  8256 | D        | Noticed a pearl dragon
  8258 | D        | Killed a hellephant
  8259 | D        | Killed an Orb Guardian
  8260 | D        | Noticed an Orb Guardian
  8265 | D        | Killed a pearl dragon
  8266 | D        | Reached skill level 15 in Dodging
  8271 | D        | Killed an Orb Guardian
  8399 | D        | Noticed an Orb Guardian
  8399 | D        | Noticed an Orb Guardian
  8400 | D        | Noticed a Brimstone Fiend
  8401 | D        | Noticed an Orb Guardian
  8401 | D        | Noticed Boris
  8402 | D        | Noticed an Orb Guardian
  8405 | D        | Noticed a deep elf master archer
  8407 | D        | Killed an Orb Guardian
  8408 | D        | Noticed Margery
  8408 | D        | Killed an Orb Guardian
  8408 | D        | Killed Louise
  8408 | D        | Killed Margery
  8408 | D        | Killed Boris
  8411 | D        | Killed a Brimstone Fiend
  8411 | D        | Noticed an ancient lich
  8412 | D        | Noticed Nikola
  8413 | D        | Killed an Orb Guardian
  8418 | D        | Noticed a Hell Sentinel
  8418 | D        | Noticed an Orb Guardian
  8421 | D        | Killed an ancient lich
  8425 | D        | Killed Nikola
  8426 | D        | Killed a deep elf master archer
  8426 | D        | Killed an Orb Guardian
  8434 | D        | Killed an Orb Guardian
  8461 | D        | Killed a Hell Sentinel
  8464 | D        | Noticed an Orb Guardian
  8478 | D        | Killed an Orb Guardian
  8754 | D        | Noticed a curse toe
  8762 | D        | Killed a curse toe
  8775 | D        | Noticed a royal mummy
  8781 | D        | Noticed Frederick
  8783 | D        | Killed Frederick
  8785 | D        | Noticed a titan
  8786 | D        | Noticed an Ice Fiend
  8787 | D        | Killed a royal mummy
  8787 | D        | Killed a titan
  8787 | D        | Killed an Ice Fiend
  8787 | D        | Killed an Orb Guardian
  8788 | D        | Reached XP level 19. HP: 108/207 MP: 20/36
  8853 | D        | Noticed Ybrof the pandemonium lord
  8857 | D        | Killed Ybrof the pandemonium lord
  8887 | D        | Noticed Antaeus
  8892 | D        | Killed an Ice Fiend
  8895 | D        | Killed Antaeus
  8896 | D        | Reached skill level 27 in Dodging
  9153 | D        | Reached skill level 10 in Stealth
  9160 | D        | Noticed a pearl dragon
  9161 | D        | Noticed an orb of fire
  9161 | D        | Noticed Neothrerr the pandemonium lord
  9162 | D        | Noticed a curse toe
  9165 | D        | Noticed a Brimstone Fiend
  9165 | D        | Killed a pearl dragon
  9165 | D        | Killed an orb of fire
  9166 | D        | Reached skill level 15 in Stealth
  9176 | D        | Killed Neothrerr the pandemonium lord
  9181 | D        | Killed a curse toe
  9598 | D        | Noticed Gycseot the pandemonium lord
  9605 | D        | Paralysed by Gycseot for 5 turns
  9613 | D        | Paralysed by Gycseot for 4 turns
  9626 | D        | Paralysed by Gycseot for 4 turns
  9636 | D        | Paralysed by Gycseot for 5 turns
  9643 | D        | Paralysed by Gycseot for 5 turns
  9664 | D        | Killed Gycseot the pandemonium lord
  9788 | D        | Noticed an ancient lich
  9796 | D        | Killed an ancient lich
  9967 | D        | Noticed Fuiskiz the pandemonium lord
  9977 | D        | Killed Fuiskiz the pandemonium lord
 10080 | D        | Noticed a Brimstone Fiend
 10087 | D        | Killed a Brimstone Fiend
 10307 | D        | Noticed a Brimstone Fiend
 10317 | D        | Killed a Brimstone Fiend
 10623 | D        | Noticed Xayfoh the pandemonium lord
 10655 | D        | Killed Xayfoh the pandemonium lord
 10656 | D        | Reached XP level 20. HP: 207/216 MP: 28/37
 11044 | D        | Noticed Murray
 11055 | D        | Killed Murray
 11338 | D        | Noticed a Tzitzimitl
 11346 | D        | Killed a Tzitzimitl
 11812 | D        | Noticed a pearl dragon
 11812 | D        | Identified the +1 buckler of Lealu {Contam rN+ Str+2}
 11813 | D        | Killed a pearl dragon
 11814 | D        | Reached skill level 27 in Stealth
 11814 | D        | Reached skill level 5 in Spellcasting
 12016 | D        | Got the amulet of Cuufoasch {Faith rN+ Will+++ Regen+
                  | Slay-5}
 12016 | D        | Got the Folio of the Spatial Evil Eye
 12016 | D        | Got a golden rune of Zot
 12030 | D        | Got Ogyu's Almanac of Topomancy and the Jinx
 12157 | D        | Reached XP level 21. HP: 224/224 MP: 38/38
 12362 | D        | Acquired a manual of Ice Magic
 12386 | D        | Noticed Peom the pandemonium lord
 12400 | D        | Killed Peom the pandemonium lord
 12418 | D        | Noticed a pearl dragon
 12426 | D        | Killed a pearl dragon
 12476 | D        | Noticed a royal mummy
 12482 | D        | Killed a royal mummy
 12501 | D        | Noticed an orb of fire
 12506 | D        | Gained mutation: Armour fits poorly on your strangely
                  | shaped body. [an orb of fire]
 12517 | D        | Killed an orb of fire
 12518 | D        | Reached skill level 15 in Spellcasting
 12520 | D        | Noticed a Killer Klown
 12540 | D        | Killed a Killer Klown
 12541 | D        | Reached skill level 27 in Conjurations
 12909 | D        | Noticed Mennas
 12942 | D        | Killed Mennas
 13365 | D        | Found the +8 lance "Wyrmbane" {slay drac, rPois rF+ rC+
                  | AC+3}
 13368 | D        | Got the ring "Yduxyso" {rPois Int+2 Dex+6}
 13373 | D        | Got the +2 pair of boots of Eruzimie {Will+ MP+9}
 13438 | D        | Got the amulet "Vimumn" {Reflect Drain rCorr Int+4 SH+5}
 13452 | D        | Got an iron rune of Zot
 13455 | D        | Got the ring "Egal" {rPois Str+4 Stlth-}
 13476 | D        | Got the ring of the Philosopher {Fly rN++}
 13479 | D        | Got the ring "Xuwi" {rPois rN+ rCorr Str+3}
 13483 | D        | Got the amulet of Exhibitionism {RegenMP Int-4 Dex+8
                  | Stlth+}
 13594 | D        | Noticed a pearl dragon
 13603 | D        | Killed a pearl dragon
 13693 | D        | Noticed an ancient lich
 13703 | D        | Killed an ancient lich
 13712 | D        | Got the ring "Gemootraci" {rF+ rCorr Int-2 Dex+2}
 13715 | D        | Got the amulet "Deotuano" {Reflect Harm rF- rCorr Int+3
                  | SH+5}
 13811 | D        | Got the amulet "Gaisoxte" {RegenMP rPois Str+4 Dex+6}
 13813 | D        | Got the ring "Nesuink" {*Slow rF+++ rN+ Int+3 Dex+6}
 13816 | D        | Got the amulet "Taul" {Spirit rElec rN+ Int+3 Dex+2}
 14757 | D        | Got the Orb of Zot
 14764 | D        | Noticed Pylicvue the pandemonium lord
 14783 | D        | Killed Pylicvue the pandemonium lord
 14817 | D        | Noticed Umoshri the pandemonium lord
 15055 | D        | Noticed Ceoduhecw the pandemonium lord
 15068 | D        | Killed Ceoduhecw the pandemonium lord
 15236 | D        | Reached XP level 22. HP: 233/233 MP: 49/51
 15510 | D        | Noticed Azxun the pandemonium lord
 15522 | D        | Killed Azxun the pandemonium lord
 15523 | D        | Reached skill level 27 in Spellcasting
 15539 | D        | Reached skill level 10 in Ice Magic
 15560 | D        | Noticed Keguem the pandemonium lord
 15577 | D        | Noticed Pioc the pandemonium lord
 15577 | D        | Killed Umoshri the pandemonium lord
 15578 | D        | Reached skill level 15 in Ice Magic
 15585 | D        | Killed Keguem the pandemonium lord
 15589 | D        | Paralysed by a great orb of eyes for 4 turns
 15591 | D        | HP: 5/233 [large abomination[Pioc] (15)]
 15592 | D        | Slain by an ice devil

Illustrated notes

Levels and vault maps discovered:
D:        pitsprint [storerooms_1, entrance_room_1, metal_vault_4, armoury_2,
          mini_pit_1, grid_room_1, main_hall_1, silver_pit, the_coven_3,
          the_vestibule_1, steel_vault_3, golden_pit, hallway_of_sentries,
          crystal_vault_6, iron_vault_1, final_vault]

Skill      XL: |  1  2  3  4  5  6  7  8  9 10 11 12 13 14 15 16 17 18 19 20 21 22 |
---------------+-------------------------------------------------------------------+-----
Fighting       | 5 6 7 8 10 11 13 15 17 18 21 23 25 27 | 27.0
Axes           | 5 6 7 8 9 10 12 13 16 18 20 22 25 27 | 27.0
Armour         | 5 6 7 8 9 10 12 14 15 17 19 21 23 27 | 27.0
Shields        | 5 6 7 8 9 10 12 13 15 17 19 21 25 27 | 27.0
Invocations    | 6 8 9 10 12 14 16 19 21 24 27 | 27.0
Evocations     | 10 17 21 27 | 27.0
Dodging        | 6 24 27 | 27.0
Stealth        | 23 27 | 27.0
Spellcasting   | 12 25 27 | 27.0
Conjurations   | 22 27 | 27.0
Ice Magic      | 17 | 17.0

Action                     |  1- 3 |  4- 6 |  7- 9 | 10-12 | 13-15 | 16-18 | 19-21 | 22-24 || total
---------------------------+-------+-------+-------+-------+-------+-------+-------+-------++-------
  Melee: War axe           |     3 |    38 |    38 |       |       |       |       |       ||    79
         Broad axe         |       |       |     9 |    38 |   143 |   225 |   457 |   105 ||   977
 Invoke: Disaster Area     |       |       |     2 |    11 |    14 |    26 |    24 |     1 ||    78
         Upheaval          |       |       |       |     3 |     3 |       |     2 |       ||     8
         Elemental Force   |       |       |       |       |       |     1 |       |       ||     1
Ability: Evoke Invisibilit |       |       |       |       |       |       |     1 |       ||     1
    Use: Potion            |       |     1 |     5 |     2 |     7 |     4 |    21 |     1 ||    41
         Scroll            |       |       |       |     3 |     9 |     2 |     3 |       ||    17
   Stab: Confused          |       |       |       |       |     6 |       |       |       ||     6
         Distracted        |       |       |       |       |       |     1 |       |       ||     1
         Invisible         |       |       |       |       |       |       |     1 |       ||     1
 Armour: Scale mail        |       |    14 |       |       |       |       |       |       ||    14
         Chain mail        |       |    16 |    14 |    25 |     5 |       |       |       ||    60
         Crystal plate arm |       |       |       |       |    58 |    80 |   104 |    51 ||   293
  Dodge: Dodged            |       |    30 |    12 |    11 |    15 |    26 |   111 |    46 ||   251
         Repelled          |       |       |     1 |       |     1 |     3 |    12 |     1 ||    18
  Block: Buckler           |       |    18 |    34 |    29 |    13 |       |       |       ||    94
         Tower shield      |       |       |       |       |   165 |   250 |   501 |   163 ||  1079
         Reflection        |       |       |       |       |       |       |     1 |       ||     1

Table legend: (Time is in decaauts) A = Elapsed time spent in this place. B = Non-inter-level travel time spent in this place. C = Inter-level travel time spent in this place. D = Time resting spent in this place. E = Time spent auto-exploring this place. F = Levels seen in this place. G = Mean time per level. A B C D E F G +--------+--------+--------+--------+--------+-----+--------+ Total | 15283 | 14877 | 406 | 10276 | 973 | 1 | 15283.0 | Dungeon | 15283 | 14877 | 406 | 10276 | 973 | 1 | 15283.0 | +--------+--------+--------+--------+--------+-----+--------+

Top non-repeatable levels by time:
       D: 15283 daAuts
